 Dungeon Crawl Stone Soup version 0.29.1-12-g30fa7ad0bf (webtiles) character file.

Game seed: 13950851043348944433

221 kingofthe the Magician (level 5, 0/28 HPs)
             Began as a Deep Elf Hedge Wizard on Jan 15, 2023.
             Was an Initiate of Sif Muna.
             Succumbed to a scorpion's poison
             ... on level 4 of the Dungeon.
             The game lasted 00:12:30 (4178 turns).

kingofthe the Magician (Deep Elf Hedge Wizard)      Turns: 4178, Time: 00:12:31

Health: 0/28       AC:  3    Str:  7    XL:     5   Next: 65%
Magic:  9/15       EV: 14    Int: 21    God:    Sif Muna [......]
Gold:   104        SH:  0    Dex: 20    Spells: 7/15 levels left

rFire   . . .      SeeInvis .   a - +2 dagger (venom)
rCold   . . .      Faith    .   (no shield)
rNeg    . . .      Spirit   .   b - +0 robe
rPois   .          Reflect  .   y - +0 helmet
rElec   .          Harm     .   (no cloak)
rCorr   .          Rampage  .   (no gloves)
Will    .....                   (no boots)
Stlth   +++.......              (no amulet)
HPRegen 0.09/turn               D - +6 ring of dexterity
MPRegen 0.14/turn               (no ring)

@: lethally poisoned (0 -> -2), flying
A: no striking features
a: Renounce Religion


You were on level 4 of the Dungeon.
You worshipped Sif Muna.
Sif Muna was noncommittal.
You visited 1 branch of the dungeon, and saw 4 of its levels.

You collected 104 gold pieces.

Inventory:

Hand Weapons
 a - a +2 dagger of venom (weapon)
 p - a +3 sling
 A - a +0 spear
Armour
 b - a +0 robe (worn)
 c - a +0 hat
 g - a +1 ring mail of poison resistance
 s - the +1 ring mail "Zizasi Kesi" {*Corrode Will- Str+8}
   (You found it on level 3 of the Dungeon)

   Str:       It affects your strength (+8).
   *Corrode:  It may corrode you when you take damage.
   Will:      It decreases your willpower.
 y - a +0 helmet (worn)
Jewellery
 D - a +6 ring of dexterity (left hand)
Wands
 B - a wand of charming (7)
Scrolls
 f - a scroll of magic mapping {unknown}
 h - 8 scrolls of identify {unknown}
 j - 2 scrolls of enchant armour {unknown}
 k - 2 scrolls of noise {unknown}
 l - 2 scrolls of butterflies {unknown}
 n - 2 scrolls of vulnerability {unknown}
 o - a scroll of blinking {unknown}
 r - a scroll of poison {unknown}
 t - a scroll of summoning {unknown}
 x - a scroll of teleportation {unknown}
 C - 2 scrolls of fear {unknown}
Potions
 d - a potion of magic
 e - a potion of heal wounds {unknown}
 i - a potion of flight
 m - 2 potions of berserk rage {unknown}
 q - a potion of lignification {unknown}
 u - a potion of degeneration {unknown}
 v - a potion of attraction {unknown}
 w - a potion of haste {unknown}
 z - a potion of might {unknown}


   Skills:
 + Level 4.2 Dodging
 - Level 3.0 Stealth
 + Level 5.9 Spellcasting
 + Level 3.2 Conjurations
 - Level 1.1 Summonings
 - Level 1.1 Translocations
 + Level 1.8 Fire Magic


You had 7 spell levels left.
You knew the following spells:

 Your Spells              Type           Power      Damage    Failure   Level
a - Magic Dart            Conj           80%        1d7       2%          1
b - Blink                 Tloc           20%        N/A       10%         2
c - Call Imp              Summ           10%        N/A       10%         2
d - Conjure Flame         Conj/Fire      17%        6-21      11%         3

Your spell library contained the following spells:

 Spells                   Type           Power      Damage    Failure   Level
 Sandblast                Erth           12%        2d6       10%         1
 Slow                     Hex            24%        N/A       10%         1
 Passwall                 Tmut/Erth      5%         N/A       16%         2
 Stone Arrow              Conj/Erth      26%        3d8       16%         3
 Mephitic Cloud           Conj/Pois/Air  10%        N/A       19%         3
 Borgnjor's Revivificati  Necr           3%         N/A       100%        8
 Necromutation            Tmut/Necr      3%         N/A       100%        8
 Death's Door             Necr           3%         N/A       100%        9


Dungeon Overview and Level Annotations

Branches:
Dungeon (4/15)
 Temple: D:4-7

Altars:
Sif Muna


Message History

The magic dart hits the scorpion.
The scorpion is lightly wounded.
Casting: Magic Dart (safe; 2% risk of failure)
Confirm with . or Enter, or press ? or * to list all spells.
A beastly little devil appears in a puff of flame.
The magic dart hits the scorpion.
The scorpion is moderately wounded.
The scorpion stings you.
Your crimson imp blinks!
You closely miss the scorpion.
The scorpion is moderately wounded.
The scorpion stings you.
You are poisoned.
The scorpion poisons you!
You closely miss the scorpion.
The scorpion is moderately wounded.
You feel sick.
The scorpion stings you but does no damage.
You closely miss the scorpion.
The scorpion is moderately wounded.
You feel sick. The scorpion stings you.
Your crimson imp barely misses the scorpion.
You closely miss the scorpion.
The scorpion is moderately wounded.
You feel sick. The scorpion stings you.
Your crimson imp closely misses the scorpion.
The scorpion stings you.
* * * LOW HITPOINT WARNING * * *
You are too injured to fight recklessly!
* * * LOW HITPOINT WARNING * * *
You feel sick. The scorpion misses your crimson imp.
Your crimson imp closely misses the scorpion.
* * * LOW HITPOINT WARNING * * *
You feel sick.
The scorpion stings your crimson imp but does no damage.
Your crimson imp hits the scorpion but does no damage.
It was a potion of flight.
You feel very buoyant.
You fly up into the air.
You die...

.### #########.
.....
#..s......
....##.5######.
#..#@.# #
#....# #.
#.#.##
#..######.#.#
#...<..##.#.#
#.####.##†..#
#.........###
######.##.#
#.##.#


You could see a scorpion (ally target) and a friendly crimson imp (summoned).

Vanquished Creatures
  A phantom (D:4)
  A hound (D:4)
  A gnoll (D:1)
  3 adders
  A worm (D:3)
  A dart slug (D:2)
  6 endoplasms
  3 giant cockroaches
  8 goblins
  6 hobgoblins
  7 jackals
  11 kobolds
  4 quokkas
  8 ball pythons
  3 bats
  3 frilled lizards
  5 rats
72 creatures vanquished.

Vanquished Creatures (collateral kills)
  A worm (D:2)
1 creature vanquished.

Grand Total: 73 creatures vanquished

Notes
Turn   | Place    | Note
-------+----------+-------------------------------------------
     0 | D:1      | kingofthe the Deep Elf Hedge Wizard began the quest for the
                  | Orb.
     0 | D:1      | Reached XP level 1. HP: 10/10 MP: 7/7
   244 | D:1      | Found a faded altar of an unknown god.
   259 | D:1      | Reached XP level 2. HP: 15/15 MP: 2/9
   430 | D:1      | Learned a level 2 spell: Blink
   721 | D:1      | You fall into a shaft and drop 1 floor!
   923 | D:1      | Reached XP level 3. HP: 19/19 MP: 7/11
  1580 | D:2      | Reached skill level 5 in Spellcasting
  1635 | D:2      | Learned a level 2 spell: Call Imp
  1639 | D:2      | Learned a level 3 spell: Conjure Flame
  2390 | D:2      | Reached XP level 4. HP: 24/24 MP: 8/13
  3039 | D:3      | Identified the +1 ring mail "Zizasi Kesi" {*Corrode Will-
                  | Str+8}
  3108 | D:3      | Found a shimmering blue altar of Sif Muna.
  3119 | D:3      | Became a worshipper of Sif Muna the Loreminder
  3937 | D:4      | Noticed a phantom
  3947 | D:4      | Killed a phantom
  3948 | D:4      | Reached skill level 1 in Fire Magic
  3948 | D:4      | Reached XP level 5. HP: 24/28 MP: 3/15
  4177 | D:4      | HP: 1/28 [poisoned by a scorpion]
  4178 | D:4      | Succumbed to a scorpion's poison

Illustrated notes

Levels and vault maps discovered:
D:1:      dpeg_arrival_round_b, layout_loops_cross, basic_ecumenical_altar
D:2:      minmay_inner_zag, layout_loops_cross
D:3:      layout_loops_ring, marbit_many_paths, minmay_stone_trees_small,
          minmay_fountain_box
D:4:      layout_loops_ring, minmay_temple_entry_butterflies, serial_undead,
          serial_undead_d, serial_undead_c, serial_undead_d, serial_undead_f,
          st_stairs_3

Skill      XL: |  1  2  3  4 |
---------------+-------------+-----
Stealth        | 3 |  3.0
Dodging        | 3 4 |  4.2
Conjurations   | 2 3 |  3.2
Spellcasting   | 5 |  5.9
Fire Magic     | 1 |  1.8
Summonings     | |  1.1
Translocations | |  1.1

Action                   |  1- 3 |  4- 6 || total
-------------------------+-------+-------++-------
Melee: Dagger            |    14 |    18 ||    32
 Cast: Magic Dart        |   114 |    65 ||   179
       Call Imp          |       |     6 ||     6
  Use: Potion            |       |     1 ||     1
Armor: Robe              |     6 |     3 ||     9
Dodge: Dodged            |    26 |    18 ||    44
